 Dungeon Crawl Stone Soup version 0.29.0-4-gdea44cf6ec (webtiles) character file.

Game seed: 3914981605712533630

381 qw the Cleaver (level 6, -1/78 HPs)
             Began as a Minotaur Berserker on Sept 5, 2022.
             Was a Believer of Trog.
             Succumbed to a kobold brigand's poison
             ... in a sewer.
             The game lasted 00:01:16 (4019 turns).

qw the Cleaver (Minotaur Berserker)                 Turns: 4019, Time: 00:01:17

Health: -1/78      AC: 12    Str: 23    XL:     6   Next: 46%
Magic:  5/5        EV:  7    Int:  4    God:    Trog [**....]
Gold:   184        SH:  0    Dex: 10    Spells: 5/5 levels left

rFire   . . .      SeeInvis .   Y - +0 war axe
rCold   . . .      Faith    .   (no shield)
rNeg    . . .      Spirit   .   m - +1 plate armour
rPois   .          Reflect  .   (helmet restricted)
rElec   .          Harm     .   (no cloak)
rCorr   .          Rampage  .   (no gloves)
Will    .....                   (no boots)
Stlth   ..........              (no amulet)
HPRegen 0.23/turn               (no ring)
MPRegen 0.09/turn               (no ring)

@: berserking (expiring), lethally poisoned (-1 -> -18), very quick
A: horns 2, retaliatory headbutt
a: Renounce Religion, Berserk, Trog's Hand


You were in a sewer.
You worshipped Trog.
Trog was pleased with you.
You visited 1 branch of the dungeon, and saw 4 of its levels.
You also visited: Sewer.

You collected 184 gold pieces.


Innate Abilities, Weirdness & Mutations

You have a pair of horns on your head.
You reflexively headbutt those who attack you in melee.


   Skills:
 - Level 4.1 Fighting
 + Level 8.4 Axes
 - Level 3.1 Armour
 - Level 2.1 Dodging


You had 5 spell levels left.
You didn't know any spells.
Your spell library was empty.

Inventory:

Hand Weapons
 o - a +0 flail
 Y - a +0 war axe (weapon)
Armour
 m - a +1 plate armour (worn)
Jewellery
 e - a ring of fire
Scrolls
 c - 2 scrolls of teleportation
 d - a scroll of enchant weapon {unknown}
 j - a scroll of identify
Potions
 a - 2 potions of cancellation
 b - a potion of brilliance {unknown}
 f - 2 potions of heal wounds
 g - a potion of magic {unknown}
 h - 2 potions of resistance {unknown}
 i - a potion of curing {unknown}
 k - 2 potions of might
 l - a potion of flight {unknown}
 p - a potion of mutation {unknown}
 r - a potion of attraction {unknown}

Dungeon Overview and Level Annotations

Branches:
Dungeon (4/15)              Sewer (1/1)
 Temple: D:4-7

Altars:
Cheibriados
Hepliaklqana


Message History

The kobold brigand is almost dead.
You feel very sick.
The kobold brigand hits you but does no damage.
The kobold brigand hits you with a +2 dagger of venom.
You are more poisoned.
You hit the kobold brigand but do no damage.
You headbutt the kobold brigand.
The kobold brigand is almost dead.
You feel very sick.
The kobold brigand hits you but does no damage.
You are lethally poisoned!
4013 ||| INVOKING Berserk.
A red film seems to cover your vision as you go berserk!
You feel yourself moving faster!
You feel mighty!
You feel extremely sick.
The kobold brigand hits you but does no damage.
You closely miss the kobold brigand.
The kobold brigand is almost dead.
You feel very sick.
You barely miss the kobold brigand.
The kobold brigand is almost dead.
You feel very sick.
The kobold brigand hits you but does no damage.
You are more poisoned.
You slash the kobold brigand!
You kill the kobold brigand!
Trog accepts your kill.
You feel very sick.
You feel very sick. The kobold brigand barely misses you.
Things that are here:
a +2 dagger of venom; 5 poisoned darts; a kobold corpse You slice the kobold brigand!!
The kobold brigand is almost dead.
You feel very sick.
The kobold brigand hits you with a +0 whip.
You barely miss the kobold brigand. You headbutt the kobold brigand.
You kill the kobold brigand!
Trog accepts your kill.
You die...

#~...~####.....#####..~~.
##...## ##...## ##..~#
##### ##~## ##%## #~# #~#
#~# #~# ##~## ##~## ##.
##~.~## ##..~#
#.?..####.~...#####~....
...?..)@......~%~~~.....
#..~#####~..~.#####~~...
# ##..~## ##...# #####
#####


There were no monsters in sight!

Vanquished Creatures
  3 kobold brigands (Sewer)
  A hound (D:3)
  An orc priest (D:3)
  2 river rats
  7 adders
  8 worms
  4 orcs (D:3)
  6 ball pythons
  7 bats
  13 endoplasms
  2 giant cockroaches
  5 hobgoblins
  3 jackals (D:3)
  4 quokkas
  4 frilled lizards
  5 goblins
  5 kobolds
  11 rats
91 creatures vanquished.

Notes
Turn   | Place    | Note
-------+----------+-------------------------------------------
     0 | D:1      | qw the Minotaur Berserker began the quest for the Orb.
     0 | D:1      | Reached XP level 1. HP: 19/19 MP: 0/0
     0 | D:1      | 0 ||| qw: Version: 0.1-a-104-g96f76f8
     0 | D:1      | 0 ||| qw: Game counter: 5993
     0 | D:1      | 0 ||| qw: Always use a shield: true
     0 | D:1      | 0 ||| qw: Do Orc after D:15 true
     0 | D:1      | 0 ||| qw: Do second Lair branch before Depths: true
     0 | D:1      | 0 ||| qw: Lair rune preference: random
     0 | D:1      | 0 ||| qw: Plans: Normal
     0 | D:1      | 0 ||| PLANNING D:1-11
   636 | D:1      | Reached skill level 4 in Axes
   954 | D:1      | Reached XP level 2. HP: 26/26 MP: 1/1
  1102 | D:1      | 1102 ||| UPGRADING to +0 leather armour.
  1112 | D:1      | 1112 ||| DROPPING +0 animal skin.
  1113 | D:1      | 1113 ||| UPGRADING to +0 scale mail.
  1123 | D:1      | 1123 ||| DROPPING +0 leather armour.
  1124 | D:1      | 1124 ||| READING scroll labelled JISCHUU ZAODYHI.
  1125 | D:1      | 1125 ||| READING scroll labelled SUUTIGG KISSESCH.
  1128 | D:1      | 1128 ||| READING scroll labelled SEUNNA HEIDAFI.
  1129 | D:1      | 1129 ||| DRINKING 2 cyan potions.
  1142 | D:2      | 1142 ||| STAIRDANCE
  1237 | D:2      | Reached skill level 5 in Axes
  1237 | D:2      | Reached XP level 3. HP: 21/31 MP: 2/2
  1540 | D:2      | 1540 ||| INVOKING Berserk.
  1717 | D:2      | 1717 ||| INVOKING Berserk.
  1812 | D:2      | 1812 ||| INVOKING Berserk.
  2014 | D:2      | Found a faded altar of an unknown god.
  2184 | D:2      | 2184 ||| UPGRADING to +0 chain mail.
  2194 | D:2      | 2194 ||| DROPPING +0 scale mail.
  2195 | D:2      | 2195 ||| UPGRADING to +0 plate armour.
  2205 | D:2      | 2205 ||| DROPPING +0 chain mail.
  2206 | D:2      | 2206 ||| READING scroll labelled KYUREA AMOWE.
  2207 | D:2      | 2207 ||| DRINKING 2 pink potions.
  2208 | D:2      | 2208 ||| DRINKING 2 clear potions.
  2295 | D:3      | 2295 ||| INVOKING Berserk.
  2492 | D:3      | 2492 ||| Stepping ~*~*~tactically~*~*~ (stealth).
  2498 | D:3      | Reached XP level 4. HP: 38/39 MP: 3/3
  2506 | D:3      | Reached skill level 6 in Axes
  2526 | D:3      | 2526 ||| Stepping ~*~*~tactically~*~*~ (stealth).
  2527 | D:3      | 2527 ||| Stepping ~*~*~tactically~*~*~ (stealth).
  2559 | D:3      | 2559 ||| INVOKING Berserk.
  2730 | D:3      | 2730 ||| SWAPPING to +0 war axe.
  2735 | D:3      | 2735 ||| Stepping ~*~*~tactically~*~*~ (stealth).
  2739 | D:3      | 2739 ||| DROPPING +0 hand axe.
  2750 | D:3      | 2750 ||| DROPPING +0 mace.
  3005 | D:3      | Reached skill level 7 in Axes
  3005 | D:3      | Reached XP level 5. HP: 45/45 MP: 4/4
  3014 | D:3      | Reached ** piety under Trog
  3094 | D:3      | Identified the +3 hand axe "Hepat" {drain, rPois rCorr
                  | Stlth+}
  3096 | D:3      | 3096 ||| DROPPING +3 hand axe "Hepat" {drain, rPois rCorr
                  | Stlth+}.
  3142 | D:3      | Found a hazy altar of Hepliaklqana.
  3223 | D:3      | Reached skill level 3 in Armour
  3419 | D:3      | Found a snail-covered altar of Cheibriados.
  3508 | D:3      | 3508 ||| READING scroll labelled HEONGO PACZUSS.
  3509 | D:3      | 3509 ||| DRINKING 3 brown potions.
  3542 | D:3      | 3542 ||| READING 2 scrolls of identify.
  3542 | D:3      | 3542 ||| IDENTIFYING yellow potion
  3543 | D:3      | 3543 ||| DROPPING potion of degeneration.
  3544 | D:3      | 3544 ||| DROPPING 2 potions of lignification.
  3575 | D:4      | Found a glowing drain.
  3576 | D:4      | 3576 ||| PLANNING SEWER
  3577 | D:4      | 3577 ||| STAIRDANCE
  3590 | Sewer    | Entered a sewer
  3595 | Sewer    | 3595 ||| Stepping ~*~*~tactically~*~*~ (stealth).
  3721 | Sewer    | Reached XP level 6. HP: 34/52 MP: 5/5
  3902 | Sewer    | 3902 ||| Stepping ~*~*~tactically~*~*~ (stealth).
  3903 | Sewer    | 3903 ||| Stepping ~*~*~tactically~*~*~ (stealth).
  3925 | Sewer    | 3925 ||| READING scroll of enchant armour.
  3925 | Sewer    | 3925 ||| ENCHANTING +0 plate armour.
  3933 | Sewer    | Reached skill level 8 in Axes
  3943 | Sewer    | 3943 ||| Stepping ~*~*~tactically~*~*~ (water).
  4013 | Sewer    | 4013 ||| INVOKING Berserk.
  4015 | Sewer    | HP: 17/78 [poisoned by a kobold brigand]
  4017 | Sewer    | HP: 8/78 [poisoned by a kobold brigand]
  4018 | Sewer    | HP: 1/78 [kobold brigand/+0 whip (3)]
  4019 | Sewer    | Succumbed to a kobold brigand's poison

Levels and vault maps discovered:
D:1:      dpeg_arrival_erosion, layout_basic
D:2:      layout_rooms, shapermc_ecumenical_altar_mp_urbaneastern,
          minmay_pentomino_s2
D:3:      layout_loops_corners, slow_altar_2,
          mainiacjoe_overflow_six_doors_small, minmay_pentangle
D:4:      layout_rooms, kennysheep_little_box, portal_sewer_entry_a,
          serial_bayou_crossing
Sewer:    sewer_co_15_rooms

Skill      XL: |  1  2  3  4  5  6 |
---------------+-------------------+-----
Axes           | 4 5 7 8 |  8.4
Armour         | 3 |  3.1
Fighting       | 4 |  4.1
Dodging        | |  2.1

Action                   |  1- 3 |  4- 6 || total
-------------------------+-------+-------++-------
Melee: Hand axe          |    93 |    11 ||   104
       Headbutt          |    20 |    15 ||    35
       War axe           |       |    92 ||    92
       Punch             |       |     1 ||     1
Throw: Boomerang         |       |    39 ||    39
Invok: Berserk           |     4 |     2 ||     6
  Use: Scroll            |     4 |     3 ||     7
       Potion            |     3 |     1 ||     4
Armor: Animal skin       |     6 |       ||     6
       Scale mail        |    19 |       ||    19
       Plate armour      |     3 |    42 ||    45
Dodge: Dodged            |    38 |    36 ||    74

Table legend:
 A = Non-vault XP
 B = Vault XP
 C = Vault XP percentage of total XP
 D = Non-vault monster count
 E = Vault monster count
 F = Vault count percentage of total count
                 A         B        C        D         E       F
            +---------+---------+-------+---------+---------+-------
      Total |     190 |     455 |  70.5 |      53 |      38 |  41.8
            +---------+---------+-------+---------+---------+-------
        D:1 |      12 |       0 |   0.0 |       9 |       0 |   0.0
        D:2 |      73 |       3 |   3.9 |      24 |       2 |   7.7
        D:3 |     105 |      82 |  43.9 |      20 |      12 |  37.5
        D:4 |       0 |      19 | 100.0 |       0 |       5 | 100.0
      Sewer |       0 |     351 | 100.0 |       0 |      19 | 100.0
            +---------+---------+-------+---------+---------+-------
